 Dungeon Crawl Stone Soup version 0.19.0-9-gfd783f2 (console) character file.

7889 Morrissey the Carver (level 11, -9/74 HPs)
             Began as a High Elf Skald on Nov 7, 2016.
             Was an Elder of Okawaru.
             Mangled by a komodo dragon (16 damage)
             ... on level 1 of the Lair of Beasts.
             The game lasted 00:40:36 (15341 turns).

Morrissey the Carver (High Elf Skald)              Turns: 15341, Time: 00:40:37

Health: -9/74      AC:  9    Str: 11    XL:     11   Next: 2%
Magic:  10/21      EV: 18    Int: 17    God:    Okawaru [****..]
Gold:   520        SH:  0    Dex: 18    Spells: 5 memorised, 12 levels left

rFire  . . .     SeeInvis .     j - -1 falchion (curse)
rCold  . . .     Gourm    .     e - +0 leather armour
rNeg   + . .     Faith    .     (no shield)
rPois  .         Spirit   .     s - +1 helmet
rElec  .         Reflect  .     v - +2 cloak {+Inv}
rCorr  .         Harm     .     o - +0 pair of gloves
MR     +....                    (no boots)
Stlth  +.........               (no amulet)
                                N - ring of wizardry
                                A - ring of positive energy

@: infused, very slightly contaminated
A: no striking features
a: Heroism, Renounce Religion, Evoke Invisibility


You were on level 1 of the Lair of Beasts.
You worshipped Okawaru.
Okawaru was greatly pleased with you.
You were not hungry.

You visited 3 branches of the dungeon, and saw 13 of its levels.
You also visited: Sewer.

You collected 520 gold pieces.

Inventory:

Hand Weapons
 a - a +1 dagger of holy wrath
 b - a +2 dagger of venom
 j - a cursed -1 falchion (weapon)
 B - a +0 shortbow
 O - a +4 great sword
Missiles
 G - 143 arrows
Armour
 e - a +0 leather armour (worn)
 o - a +0 pair of gloves (worn)
 s - a +1 helmet (worn)
 v - a +2 cloak of invisibility (worn)
Magical Staves
 D - an uncursed staff of summoning
 L - an uncursed staff of poison
Jewellery
 A - a ring of positive energy (left hand)
 N - a ring of wizardry (right hand)
Wands
 q - a wand of digging (13/24)
 u - a wand of slowing (11/48)
 M - a wand of iceblast (6/15)
Scrolls
 r - a scroll of enchant armour {unknown}
 t - a scroll of summoning {unknown}
 w - a scroll of blinking {unknown}
 x - a scroll of fear
 y - 2 scrolls of teleportation
 z - a scroll of magic mapping {unknown}
 C - a scroll of random uselessness {unknown}
 F - a scroll of immolation {unknown}
 J - a scroll of fog {unknown}
Potions
 g - a potion of cure mutation
 k - a potion of berserk rage
 l - a potion of flight
 n - 2 potions of might
 p - a potion of mutation
 H - 2 potions of haste
 I - a potion of heal wounds {unknown}
 K - a potion of ambrosia {unknown}
 R - a potion of cancellation {unknown}
 S - a potion of agility {unknown}
Books
 c - a book of Battle

   Spells                             Type                      Level
   a - Infusion                       Charms                       1
   b - Shroud of Golubria             Charms/Translocation         2
   c - Song of Slaying                Charms                       2
   d - Spectral Weapon                Hexes/Charms                 3
   e - Regeneration                   Charms/Necromancy            3
 E - a book of Maledictions

   Spells                             Type                      Level
   a - Corona                         Hexes                        1
   b - Ensorcelled Hibernation        Hexes/Ice                    2
   c - Confuse                        Hexes                        3
   d - Tukima's Dance                 Hexes                        3
   e - Dazzling Spray                 Conjuration/Hexes            3
 Q - a Young Poisoner's Handbook

   Spells                             Type                      Level
   a - Sting                          Conjuration/Poison           1
   b - Mephitic Cloud                 Conjuration/Poison/Air       3
   c - Olgreb's Toxic Radiance        Poison                       4
   d - Alistair's Intoxication        Transmutation/Poison         5
   e - Venom Bolt                     Conjuration/Poison           5
Comestibles
 d - 9 bread rations
 f - 3 beef jerkies
 h - 10 royal jellies
 i - 2 chunks of flesh
 m - 2 fruits
 P - a slice of pizza


   Skills:
 - Level 6.4 Fighting
 + Level 10.8 Long Blades
 - Level 2.6 Bows
 + Level 3.6 Armour
 * Level 8.3 Dodging
 - Level 6.5 Spellcasting
 - Level 4.5 Hexes
 - Level 7.3 Charms
 - Level 3.8 Translocations


You had 12 spell levels left.
You knew the following spells:

 Your Spells              Type           Power        Failure   Level  Hunger
a - Infusion              Chrm           ####         1%          1    None
b - Shroud of Golubria    Chrm/Tloc      ###.......   1%          2    None
c - Spectral Weapon       Hex/Chrm       ####....     1%          3    ##.....
d - Regeneration          Chrm/Necr      ###.......   4%          3    ##.....
e - Song of Slaying       Chrm           ####....     1%          2    None


Dungeon Overview and Level Annotations

Branches:
Dungeon (11/15)            Temple (1/1) D:7            Lair (1/6) D:9
    Orc: D:9-12

Altars:
Ashenzari
Cheibriados
Dithmenos
Elyvilon
Fedhas
Gozag
Hepliaklqana
Kikubaaqudgha
Makhleb
Nemelex Xobeh
Okawaru
Qazlal
Ru
Sif Muna
Trog
Uskayaw
Vehumet
Xom
Yredelemnul
Zin
The Shining One

Annotations:
D:1 exclusion: downstairs
D:3 exclusions: downstairs and upstairs
D:8 1 runed door
D:9 exclusion: downstairs
D:11 exclusion: upstairs


Message History

Confirm with . or Enter, or press ? or * to list all spells.
Space distorts slightly along a thin shroud covering your body.
The komodo dragon completely misses you.
You barely miss the komodo dragon.
Your spectral weapon hits the komodo dragon but does no damage.
You hit the komodo dragon but do no damage.
Your spectral weapon hits the komodo dragon.
The komodo dragon bites you!!
* * * LOW HITPOINT WARNING * * *
Your shroud falls apart!
Casting: Shroud of Golubria
Confirm with . or Enter, or press ? or * to list all spells.
You begin infusing your attacks with magical energy.
The komodo dragon bites you!!
* * * LOW HITPOINT WARNING * * *
You hit the komodo dragon but do no damage.
The komodo dragon is lightly wounded.
Your spectral weapon hits the komodo dragon.
The komodo dragon bites you!
You die...

##.........
..........#
.l........#
##........####..
#. #...<.......
#.. ###.###....#
##...##..# .##
#......(l#
.......@.#
....####...# ...
##..# .. .P# .
..# ..P ....
#...#


You could see a komodo dragon and a friendly spectral enchanted falchion.

Vanquished Creatures
  A hill giant (D:10)
  A troll (D:9)
  A two-headed ogre (D:10)
  Prince Ribbit (D:6)
  2 hippogriffs
  Sigmund (D:5)
  6 yaks (D:11)
  A wraith (D:11)
  2 hell hounds (D:9)
  5 orc warriors
  5 ice beasts
  2 black bears (D:7)
  2 phantoms
  An eye of draining (D:5)
  A necrophage (D:5)
  6 ogres
  3 centaurs
  A big kobold (D:7)
  6 bullfrogs
  A water moccasin zombie (D:5)
  12 wights
  A howler monkey (D:7)
  A bullfrog zombie (D:6)
  4 crimson imps
  4 hounds
  A quasit (D:6)
  A centaur zombie (D:8)
  2 centaur skeletons
  2 gnoll shamans (D:7)
  4 jellies
  4 orc priests
  10 orc wizards
  2 bullfrog skeletons
  3 iguanas
  5 worker ants
  A hound skeleton (D:6)
  A howler monkey zombie (D:10)
  18 gnolls
  15 adders
  2 river rats (D:4)
  A shadow imp (D:5)
  7 oozes
  2 adder skeletons
  An adder zombie (D:9)
  A dart slug (D:2)
  6 worms
  3 leopard geckos
  49 orcs
  4 ball pythons
  5 giant cockroaches
  8 goblins
  12 hobgoblins
  13 jackals
  3 quokkas
  9 bats
  10 frilled lizards
  A goblin zombie (D:8)
  2 jackal skeletons (D:8)
  17 kobolds
  2 leopard gecko skeletons
  12 rats
310 creatures vanquished.

Vanquished Creatures (others)
  7 spectral weapons
7 creatures vanquished.

Grand Total: 317 creatures vanquished

Notes
Turn   | Place    | Note
-------+----------+-------------------------------------------
     0 | D:1      | Morrissey the High Elf Skald began the quest for the Orb.
     0 | D:1      | Reached XP level 1. HP: 14/14 MP: 4/4
   278 | D:1      | Reached XP level 2. HP: 19/19 MP: 6/6
  1090 | D:2      | Learned a level 2 spell: Shroud of Golubria
  1193 | D:2      | Reached skill level 3 in Long Blades
  1193 | D:2      | Reached XP level 3. HP: 15/25 MP: 2/8
  1635 | D:3      | Learned a level 3 spell: Spectral Weapon
  1655 | D:3      | Reached XP level 4. HP: 30/30 MP: 1/9
  2597 | D:3      | Reached XP level 5. HP: 32/36 MP: 10/10
  2822 | D:3      | Reached skill level 4 in Long Blades
  2836 | D:3      | Reached skill level 1 in Translocations
  2977 | D:3      | Reached skill level 1 in Hexes
  3309 | D:3      | Found a snail-covered altar of Cheibriados.
  3564 | D:3      | Learned a level 3 spell: Regeneration
  3631 | D:4      | Noticed an ogre
  3638 | D:4      | Reached XP level 6. HP: 19/42 MP: 0/12
  4013 | D:4      | Found a glowing drain.
  4034 | Sewer    | Entered a sewer
  5112 | D:4      | Reached skill level 5 in Long Blades
  5112 | D:4      | Reached XP level 7. HP: 46/46 MP: 4/13
  5347 | D:5      | Entered Level 5 of the Dungeon
  5385 | D:5      | Noticed Sigmund
  5398 | D:5      | Killed Sigmund
  5611 | D:5      | Reached skill level 5 in Charms
  5632 | D:5      | Reached skill level 6 in Long Blades
  5632 | D:5      | Reached XP level 8. HP: 54/54 MP: 12/15
  6501 | D:5      | Found a bloodstained altar of Trog.
  6792 | D:5      | Reached skill level 7 in Long Blades
  6872 | D:6      | Noticed Prince Ribbit
  6897 | D:6      | Reached skill level 5 in Spellcasting
  7052 | D:6      | Killed Prince Ribbit
  7052 | D:6      | Reached XP level 9. HP: 36/59 MP: 12/17
  7804 | D:7      | Found a staircase to the Ecumenical Temple.
  7901 | Temple   | Entered the Ecumenical Temple
  8008 | Temple   | Became a worshipper of Warmaster Okawaru
  8297 | D:7      | Reached skill level 5 in Dodging
  8550 | D:7      | Reached skill level 8 in Long Blades
  8931 | D:7      | Reached skill level 5 in Fighting
  9010 | D:7      | Reached * piety under Okawaru
 10003 | D:8      | Reached ** piety under Okawaru
 10139 | D:7      | Reached skill level 9 in Long Blades
 10558 | D:8      | Found a runed door.
 10565 | D:8      | Found a basalt altar of Yredelemnul.
 10703 | D:8      | Reached XP level 10. HP: 56/66 MP: 7/20
 10807 | D:8      | Learned a level 2 spell: Song of Slaying
 10948 | D:8      | Reached skill level 1 in Armour
 11226 | D:9      | Reached skill level 1 in Bows
 11311 | D:9      | Reached *** piety under Okawaru
 11906 | D:9      | Found a staircase to the Lair.
 12800 | D:10     | Entered Level 10 of the Dungeon
 13111 | D:10     | Noticed a hill giant
 13141 | D:10     | Reached skill level 10 in Long Blades
 13363 | D:10     | Killed a hill giant
 13756 | D:11     | Reached **** piety under Okawaru
 13831 | D:11     | HP: 3/69 [yak (2)]
 14078 | D:11     | Received a gift from Okawaru
 14351 | D:11     | Noticed an eight-headed hydra
 14979 | D:10     | Reached XP level 11. HP: 74/74 MP: 21/21
 15325 | Lair:1   | Entered Level 1 of the Lair of Beasts
 15341 | Lair:1   | Mangled by a komodo dragon

Skill      XL: |  1  2  3  4  5  6  7  8  9 10 |
---------------+-------------------------------+-----
Long Blades    | 3 4 5 6 7 9 10 | 10.8
Charms         | 4 5 6 7 |  7.3
Dodging        | 2 3 4 6 8 |  8.3
Fighting       | 3 4 5 6 |  6.4
Spellcasting   | 3 4 5 6 |  6.5
Translocations | 1 2 3 |  3.8
Hexes          | 1 2 3 4 |  4.5
Armour         | 3 |  3.6
Bows           | 2 |  2.6

Action                   |  1- 3 |  4- 6 |  7- 9 | 10-12 || total
-------------------------+-------+-------+-------+-------++-------
Melee: Dagger            |    88 |   350 |   588 |   440 ||  1466
       Falchion          |       |       |       |     3 ||     3
 Fire: Shortbow          |       |       |       |    12 ||    12
 Cast: Infusion          |     4 |    17 |    17 |    12 ||    50
       Shroud of Golubri |     3 |    18 |    33 |    20 ||    74
       Spectral Weapon   |       |     3 |    17 |    17 ||    37
       Regeneration      |       |       |       |     7 ||     7
  Use: Potion            |       |       |     4 |     2 ||     6
       Scroll            |       |       |    10 |     2 ||    12
 Stab: Sleeping          |     1 |       |       |       ||     1
       Distracted        |       |       |     4 |     4 ||     8
  Eat: Chunk             |     2 |    13 |    14 |     5 ||    34
       Beef jerky        |       |       |     1 |       ||     1
       Meat ration       |       |       |     1 |     2 ||     3
       Pizza             |       |       |     1 |       ||     1
Armor: Leather armour    |    16 |   147 |   145 |    78 ||   386
Dodge: Dodged            |    44 |   241 |   354 |   265 ||   904
